 Dungeon Crawl Stone Soup version 0.30-a0-1094-g860fb061e7 (webtiles) character file.

Game seed: 369422931954428209

142 Sabo the Covered (level 5, -3/33 HPs)
             Began as a Gargoyle Fighter on Apr 17, 2023.
             Slain by an ogre
             ... wielding a +0 giant club
              (21 damage)
             ... on level 3 of the Dungeon.
             The game lasted 00:11:59 (2375 turns).

Sabo the Covered (Gargoyle Fighter)                 Turns: 2375, Time: 00:12:00

Health: -3/33      AC: 14    Str: 22    XL:     5   Next: 24%
Magic:  5/5        EV:  8    Int:  8    God:
Gold:   94         SH:  5    Dex: 15    Spells: 4/4 levels left

rFire   . . .      SeeInvis .    a - +0 war axe
rCold   . . .      Faith    .    c - +0 buckler
rNeg    + . .      Spirit   .    m - +0 chain mail
rPois   ∞          Reflect  .    j - +0 helmet
rElec   +          Rampage  .    (no cloak)
rCorr   .                        (no gloves)
Will    .....                    (no boots) Stlth
                                 (no amulet)
HPRegen 0.25/turn                p - +6 ring of dexterity
MPRegen 0.09/turn                (no ring)

@: no status effects
A: sickness immunity, AC +4, negative energy resistance 1, electricity
resistance, torment resistance 1, petrification resistance
a: no special abilities


You were on level 3 of the Dungeon.
You visited 1 branch of the dungeon, and saw 3 of its levels.

You collected 94 gold pieces.

Inventory:

Hand Weapons
 a - a +0 war axe (weapon)
 s - a +0 shortbow
Missiles
 k - 3 javelins (quivered)
Armour
 c - a +0 buckler (worn)
 j - a +0 helmet (worn)
 m - a +0 chain mail (worn)
Jewellery
 g - a ring of fire
 p - a +6 ring of dexterity (left hand)
Scrolls
 e - 2 scrolls of enchant armour {unknown}
 i - 2 scrolls of identify {unknown}
 l - a scroll of noise {unknown}
 n - 3 scrolls of teleportation {unknown}
 r - a scroll of fog {unknown}
Potions
 b - 2 potions of heal wounds {unknown}
 d - 2 potions of might
 f - a potion of mutation {unknown}
 h - 2 potions of curing {unknown}
 o - a potion of attraction {unknown}
 q - a potion of flight {unknown}
 t - a potion of lignification {unknown}


   Skills:
 + Level 3.6 Fighting
 + Level 3.6 Axes
 + Level 4.0 Armour
 + Level 0.4 Dodging
 + Level 0.2 Stealth
 + Level 3.9 Shields


You had 4 spell levels left.
You didn't know any spells.
Your spell library contained the following spells:

 Spells                   Type           Power      Damage    Failure   Level
 Scorch                   Fire           0%         2d5       99%         2
 Dazzling Flash           Conj/Hex       0%         N/A       100%        3
 Vhi's Electric Charge    Tloc/Air       0%         N/A       100%        3
 Volatile Blastmotes      Fire/Tloc      0%         2d10      100%        3
 Flame Wave               Conj/Fire      0%         2d4       100%        4
 Iskenderun's Mystic Bla  Conj/Tloc      0%         2d3       100%        4
 Arcjolt                  Conj/Air       0%         1d10      100%        5
 Starburst                Conj/Fire      0%         6d3       100%        6
 Summon Cactus Giant      Summ           0%         N/A       100%        6
 Maxwell's Capacitive Co  Air            0%         ∞         100%        8


Dungeon Overview and Level Annotations

Branches:
Dungeon (3/15)

Altars:
Yredelemnul
Zin

Shops:
D:1 =


Innate Abilities, Weirdness & Mutations

You are immune to sickness and miasma.
Your stone body is resilient. (AC +4)
You are immune to poison.
You resist negative energy. (rN+)
You are resistant to electric shocks. (rElec)
You are resistant to unholy torment.
You are immune to petrification.


Message History

The endoplasm freezes you.
You are frozen.
You hit the endoplasm but do no damage.
The endoplasm is heavily wounded.
The endoplasm hits you but does no damage.
You hit the endoplasm.
The endoplasm is severely wounded.
The endoplasm freezes you.
You are frozen.
You slash the endoplasm!
You kill the endoplasm!
You start resting.
HP restored.
There is an escape hatch in the floor here.
Found a book of Spectacle.
You pick up a book of Spectacle and begin reading...
You add the spells Volatile Blastmotes, Dazzling Flash, Iskenderun's Mystic Blast and Starburst to your library.
An ogre comes into view. It is wielding a +0 giant club.
The ogre shouts!
Throw: 6 javelins
Press: ? - help, Q - select action Shift-Dir - straight line, f - ogre
Aim: an ogre, wielding a +0 giant club (74% to hit)
You throw a javelin. The javelin barely misses the ogre.
Throw: 5 javelins
Press: ? - help, Q - select action Shift-Dir - straight line, f/p - ogre
Aim: an ogre, wielding a +0 giant club (74% to hit)
You throw a javelin. The javelin pierces through the ogre.
The ogre is lightly wounded.
Throw: 4 javelins
Press: ? - help, Q - select action Shift-Dir - straight line, f/p - ogre
Aim: an ogre, wielding a +0 giant club (lightly wounded, 74% to hit)
You throw a javelin. The javelin closely misses the ogre.
You slash the ogre!
The ogre is heavily wounded.
The ogre hits you with a +0 giant club!
You slash the ogre!
The ogre is severely wounded.
The ogre hits you with a +0 giant club!!
Ouch! That really hurt!
You die...

#.#.# .(# #.#.# ###.# #.#.# ..
...# #.#.# ... #..# ##.#.###
######.# #..##### #.......
####......# #...##.#####..#####
.........###.##.O.##.............
.........+......@....#####.######
.........##.###......#.......####
....†.<.....................#....
.........#...##......#.####.#.###
####..####.. ##.......#.......#
#.......#... .................#
#.......##.................#..##
##.......##....#.......#.........
.........##....+.. ............##


You could see an ogre.

Vanquished Creatures
  A centaur (D:3)
  An orc (D:3)
  3 bats
  6 endoplasms
  3 giant cockroaches
  11 hobgoblins
  4 jackals (D:1)
  3 kobolds (D:1)
  A quokka (D:2)
  5 ball pythons
  3 frilled lizards
  9 goblins
  4 rats
54 creatures vanquished.

Notes
Turn   | Place    | Note
-------+----------+-------------------------------------------
     0 | D:1      | Sabo the Gargoyle Fighter began the quest for the Orb.
     0 | D:1      | Reached XP level 1. HP: 14/14 MP: 1/1
   134 | D:1      | Reached XP level 2. HP: 18/19 MP: 2/2
   148 | D:1      | Found Doatz's Jewellery Shop.
   466 | D:1      | Reached XP level 3. HP: 23/23 MP: 3/3
   665 | D:2      | Found a basalt altar of Yredelemnul.
  1596 | D:3      | Noticed a centaur
  1606 | D:3      | Killed a centaur
  1607 | D:3      | Reached skill level 4 in Armour
  1607 | D:3      | Reached XP level 4. HP: 7/28 MP: 4/4
  1607 | D:3      | Reached XP level 5. HP: 8/32 MP: 5/5
  1854 | D:3      | Found a glowing silver altar of Zin.
  2369 | D:3      | Noticed an ogre
  2375 | D:3      | Slain by an ogre

Illustrated notes

Levels and vault maps discovered:
D:1:      nicolae_arrival_washed_ashore, layout_basic, serial_shops,
          nicolae_shop_waterfront
D:2:      layout_basic, basic_altar, grunt_decor_cap, minivault_11,
          item_on_display_a
D:3:      cheibrodos_helix_gallery, layout_basic, mainiacjoe_overflow_alcove_1

Skill      XL: |  1  2  3 |
---------------+----------+-----
Axes           | 2 3 |  3.6
Armour         | 4 |  4.0
Fighting       | |  3.6
Dodging        | |  0.4
Stealth        | |  0.2
Shields        | |  3.9

Action                     |  1- 3 |  4- 6 || total
---------------------------+-------+-------++-------
  Melee: War axe           |   109 |    23 ||   132
  Throw: Javelin           |       |     3 ||     3
 Armour: Scale mail        |    51 |       ||    51
         Chain mail        |    19 |    13 ||    32
  Dodge: Dodged            |    74 |     7 ||    81
  Block: Buckler           |    30 |     7 ||    37

Table legend: (Time is in decaauts)
 A = Elapsed time spent in this place.
 B = Non-inter-level travel time spent in this place.
 C = Inter-level travel time spent in this place.
 D = Time resting spent in this place.
 E = Time spent auto-exploring this place.
 F = Levels seen in this place.
 G = Mean time per level.
                   A        B        C        D        E       F      G
               +--------+--------+--------+--------+--------+-----+--------+
         Total |   2434 |   2434 |      0 |    209 |      0 |   3 |  811.3 |
       Dungeon |   2434 |   2434 |      0 |    209 |      0 |   3 |  811.3 |
               +--------+--------+--------+--------+--------+-----+--------+

Top non-repeatable levels by time:
     D:3: 1010 daAuts
     D:2: 729 daAuts
     D:1: 694 daAuts
